 Dungeon Crawl Stone Soup version 0.17.1-1-g73c8601 (webtiles) character file.

367 Flanowski the Shield-Bearer (level 6, 0/53 HPs)
             Began as a Minotaur Fighter on Jan 4, 2016.
             Slain by an ogre
             ... wielding a +0 giant club
              (6 damage)
             ... on level 4 of the Dungeon.
             The game lasted 00:04:14 (2568 turns).

Flanowski the Shield-Bearer (Minotaur Fighter)      Turns: 2568, Time: 00:04:14

Health: 0/53       AC: 14    Str: 22    XL:     6   Next: 41%
Magic:  5/5        EV:  5    Int:  5    God:
Gold:   125        SH: 10    Dex: 10    Spells: 0 memorised, 5 levels left

rFire  . . .     SeeInvis .     a - +0 war axe
rCold  . . .     Clarity  .     p - +0 plate armour
rNeg   . . .     SustAt   .     c - +0 shield
rPois  .         Gourm    .     (helmet restricted)
rElec  .         Spirit   .     (no cloak)
rCorr  .         Warding  .     j - +1 pair of gloves
rMut   .         Stasis   .     (no boots)
MR     .....                    (no amulet)
Stlth  ..........               (no ring)
                                (no ring)

@: not resistant to hostile enchantments, extremely unstealthy
A: retaliatory headbutt, horns 2
a: no special abilities


You were on level 4 of the Dungeon.
You were not hungry.

You visited 1 branch of the dungeon, and saw 4 of its levels.

You collected 125 gold pieces.

Inventory:

Hand Weapons
 a - a +0 war axe (weapon)
Armour
 b - a +0 scale mail
 c - a +0 shield (worn)
 j - a +1 pair of gloves (worn)
 p - a +0 plate armour (worn)
Scrolls
 g - 2 scrolls of remove curse
 h - 4 scrolls of teleportation {unknown}
 l - a scroll of enchant armour {unknown}
 n - 2 scrolls of amnesia {unknown}
 o - 5 scrolls of recharging {unknown}
 s - a scroll of identify {unknown}
 v - a scroll of immolation {unknown}
Potions
 f - 2 potions of degeneration {unknown}
 k - a potion of poison {unknown}
 m - 4 potions of curing {unknown}
 r - 4 potions of heal wounds {unknown}
 t - a potion of agility {unknown}
 u - a potion of resistance {unknown}
Comestibles
 d - 3 chunks of flesh
 e - 3 bread rations
 i - a meat ration
 q - a beef jerky


   Skills:
 + Level 4.7 Fighting
 + Level 4.4 Axes
 + Level 5.3 Armour
 + Level 1.2 Dodging
 + Level 0.1 Stealth
 + Level 5.7 Shields


You had 5 spell levels left.
You didn't know any spells.

Dungeon Overview and Level Annotations

Branches:
Dungeon (4/15)
 Temple: D:4-7

Altars:
Dithmenos
The Shining One


Innate Abilities, Weirdness & Mutations

You reflexively headbutt those who attack you in melee.
You have a pair of horns on your head.


Message History

The ogre hits you but does no damage.
You slash the ogre!
The ogre is heavily wounded.
The ogre hits you with a giant club!
* * * LOW HITPOINT WARNING * * *
You are too injured to fight recklessly!
You see here a dagger.
You barely miss the ogre.
The ogre is heavily wounded.
The ogre hits you with a giant club.
* * * LOW HITPOINT WARNING * * *
Your plate armour prevents you from hitting the ogre.
You headbutt the ogre!
The ogre is almost dead.
The ogre hits you with a giant club.
* * * LOW HITPOINT WARNING * * *
You closely miss the ogre.
The ogre is almost dead.
The ogre hits you with a giant club.
You die...

#.#.##.##..# #.. .#.
#.#.##.##..# #####.##
#.#.##..#..# ##.##
#.#.###.#..# #... #.#.#
#.#..# #..# #.#.# .#..#
#..# #.#.#......# #..# #
#.#.#.# #..#######..##.#
#.....###..##..O@)...#.#
#...#..##..##.####.....#
#)###.........###....(.#..#
#)# #............#)......#
#)# #.##...#####......##..
#)# ##.#.....## ##.........
#.###.#.......# ###.######
#....##...[<..... $#
#####.#.......### ##


You could see an ogre.

Vanquished Creatures
  Purgy (D:3)
  An orc priest (D:4)
  An iguana (D:4)
  Jessica (D:3)
  2 orc wizards (D:4)
  Terence (D:3)
  3 adders
  An ooze (D:3)
  4 giant geckos
  6 orcs (D:4)
  2 ball pythons
  9 bats
  2 giant cockroaches
  2 goblins
  5 hobgoblins
  13 jackals
  7 kobolds
  2 quokkas
  A giant newt (D:1)
  6 rats
70 creatures vanquished.

Notes
Turn   | Place    | Note
--------------------------------------------------------------
     0 | D:1      | Flanowski the Minotaur Fighter began the quest for the Orb.
     0 | D:1      | Reached XP level 1. HP: 19/19 MP: 0/0
   304 | D:1      | Reached XP level 2. HP: 25/27 MP: 1/1
   307 | D:1      | Reached skill level 4 in Shields
   668 | D:2      | Reached XP level 3. HP: 33/33 MP: 2/2
  1147 | D:2      | Found a glowing golden altar of the Shining One.
  1412 | D:3      | Reached XP level 4. HP: 38/40 MP: 3/3
  1467 | D:3      | Found a shadowy altar of Dithmenos.
  1496 | D:3      | Noticed Jessica
  1513 | D:3      | Killed Jessica
  1938 | D:3      | Noticed Terence
  1946 | D:3      | Killed Terence
  1946 | D:3      | Reached XP level 5. HP: 44/47 MP: 4/4
  2028 | D:3      | Noticed Purgy
  2045 | D:3      | Killed Purgy
  2045 | D:3      | Reached skill level 5 in Armour
  2045 | D:3      | Reached skill level 5 in Shields
  2248 | D:4      | Reached XP level 6. HP: 14/53 MP: 5/5
  2250 | D:4      | Reached skill level 1 in Dodging
  2560 | D:4      | Noticed an ogre
  2568 | D:4      | Slain by an ogre

Action                   |  1- 3 |  4- 6 || total
-------------------------+-------+-------++-------
Melee: War axe           |   107 |   109 ||   216
  Use: Scroll            |       |     2 ||     2
       Potion            |       |     1 ||     1
  Eat: Chunk             |     1 |     5 ||     6
